 Dungeon Crawl Stone Soup version 0.22.1-7-g5c428e7 (webtiles) character file.

11990 Frogless the Thaumaturge (level 11, -1/59 HPs)
             Began as a Deep Elf Fire Elementalist on Feb 16, 2019.
             Was an Elder of Vehumet.
             Killed by the air
             ... invoked by Gastronok
              (27 damage)
             ... on level 11 of the Dungeon.
             The game lasted 00:57:18 (14953 turns).

Frogless the Thaumaturge (DEFE)                    Turns: 14953, Time: 00:57:19

Health: -1/59      AC: 10    Str: 10    XL:     11   Next: 56%
Magic:  24/28      EV: 13    Int: 25    God:    Vehumet [****..]
Gold:   321        SH:  4    Dex: 15    Spells: 13/32 levels left

rFire    . . .     SeeInvis +   M - +9 trident "Loveufit" {pierce, Str+2 SInv}
rCold    . . .     Gourm    .   d - +0 buckler
rNeg     . . .     Faith    .   B - +0 ring mail of Perpetual Drought {+Blink rPois}
rPois    +         Spirit   .   G - +0 helmet
rElec    .         Reflect  .   s - +0 cloak
rCorr    .         Harm     .   Q - +0 pair of gloves
MR       ++...                  (no boots)
Stlth    +.........             O - amulet of regeneration
HPRegen  0.59/turn              L - +2 ring of evasion
MPRegen  0.21/turn              T - ring of protection from magic

@: no status effects
A: claws 1, fangs 1, talons 1, clever 2, evolution 1
a: Renounce Religion, Evoke Blink


You were on level 11 of the Dungeon.
You worshipped Vehumet.
Vehumet was greatly pleased with you.
You were not hungry.

You visited 1 branch of the dungeon, and saw 11 of its levels.

You collected 525 gold pieces.
You spent 204 gold pieces at shops.

Inventory:

Hand Weapons
 w - a +2 dagger of electrocution
 D - the +10 zealot's sword {holy, *Rage rN+ EV+3}
   (You found it on level 5 of the Dungeon)

   It has been blessed by the Shining One to cause great damage to the undead
   and demons.
   It affects your evasion (+3).
   It protects you from negative energy.
   It may make you go berserk in combat.
 M - the +9 trident "Loveufit" (weapon) {pierce, Str+2 SInv}
   (You bought it in a shop on level 6 of the Dungeon)

   It inflicts extra damage upon your enemies.
   It affects your strength (+2).
   It lets you see invisible.
Missiles
 h - 261 stones (quivered)
 j - 6 tomahawks
Armour
 d - a +0 buckler (worn)
 s - a +0 cloak (worn)
 B - the +0 ring mail of Perpetual Drought (worn) {+Blink rPois}
   (You found it on level 4 of the Dungeon)

   It protects you from poison.
   It lets you blink.
 G - a +0 helmet (worn)
 Q - a +0 pair of gloves (worn)
Magical Staves
 J - an uncursed staff of cold
Jewellery
 L - a +2 ring of evasion (left hand)
 O - an amulet of regeneration (around neck)
 T - a ring of protection from magic (right hand)
Wands
 z - a wand of random effects (43)
 A - a wand of clouds (6)
 C - a wand of polymorph (12)
 I - a wand of flame (55)
 K - a wand of paralysis (31)
 S - a wand of iceblast (9)
Scrolls
 b - a scroll of blinking {unknown}
 g - 5 scrolls of teleportation
 k - a scroll of amnesia {unknown}
 m - 2 scrolls of fear {unknown}
 n - 2 scrolls of immolation {unknown}
 q - a scroll of fog {unknown}
 r - a scroll of magic mapping {unknown}
 t - 2 scrolls of remove curse
 u - a scroll of random uselessness {unknown}
 y - a scroll of enchant armour {unknown}
 H - a scroll of enchant weapon {unknown}
 N - 4 scrolls of identify
Potions
 e - a potion of brilliance {unknown}
 f - 2 potions of might
 i - a potion of haste {unknown}
 l - 3 potions of mutation
 o - a potion of resistance
 p - 5 potions of curing
 v - a potion of ambrosia
 x - 2 potions of flight
 E - 3 potions of heal wounds
 F - 2 potions of lignification
 P - a potion of agility
Comestibles
 c - 19 rations


   Skills:
 + Level 2.8 Fighting
 - Level 0.2(0.3) Short Blades
 - Level 0.2(0.3) Long Blades
 + Level 5.4 Polearms
 - Level 7.0 Armour
 - Level 2.4 Dodging
 - Level 2.4 Stealth
 * Level 2.5 Shields
 + Level 11.2 Spellcasting
 + Level 7.6 Conjurations
 * Level 1.8 Summonings
 - Level 3.3 Translocations
 + Level 9.0 Fire Magic
 - Level 1.5 Evocations


You had 13 spell levels left.
You knew the following spells:

 Your Spells              Type           Power        Failure   Level  Hunger
a - Flame Tongue          Conj/Fire      #####        1%          1    None
b - Conjure Flame         Conj/Fire      ######..     1%          3    None
c - Sticky Flame          Conj/Fire      ######..     1%          4    None
d - Fireball              Conj/Fire      ######....   3%          5    ###....
e - Blink                 Tloc           N/A          4%          2    None
f - Magic Dart            Conj           ####         1%          1    None
g - Apportation           Tloc           ####..       3%          1    None
h - Call Imp              Summ           ###.....     9%          2    None

Your spell library contained the following spells:

 Spells                   Type           Power        Failure   Level  Hunger
 Throw Icicle             Conj/Ice       ####....     7%          4    None
 Throw Flame              Conj/Fire      ######       1%          2    None
 Inner Flame              Hex/Fire       #####...     1%          3    None
 Mephitic Cloud           Conj/Pois/Air  ####....     3%          3    None
 Summon Small Mammal      Summ           ###.         5%          1    None
 Animate Skeleton         Necr           N/A          12%         1    None
 Confusing Touch          Hex            ##....       12%         1    None
 Slow                     Hex            ##......     19%         2    None


Dungeon Overview and Level Annotations

Branches:
Dungeon (11/15)            Temple (0/1) D:7            Lair (0/6) D:10
    Orc (0/2) D:10

Altars:
Ashenzari
Cheibriados
Kikubaaqudgha
Makhleb
Nemelex Xobeh
Okawaru
Ru
Vehumet
Xom
Yredelemnul
Zin

Shops:
D:5 %   D:6 (   D:8 =   D:10 :   D:11 *

Annotations:
D:2 exclusion: downstairs
D:4 exclusion: 2 downstairs
D:6 3 runed doors, exclusion: downstairs, emiel's ghost, novice FoBe
D:11 exclusion: 2 doors, Gastronok


Innate Abilities, Weirdness & Mutations

You have sharp fingernails.
You have very sharp teeth.
You have sharp toenails.
Your mind is very acute. (Int +4)
You evolve.


Message History

You see here 3 arrows.
Gastronok burns!
Gastronok stops burning.
Gastronok mumbles some strange words.
Your legs wobble like jelly.
Casting: Sticky Flame (safe; 1% risk of failure)
Confirm with . or Enter, or press ? or * to list all spells.
Aiming: Sticky Flame (safe; 1% risk of failure)
Press: ? - help, Shift-Dir - straight line, f/p - Gastronok
Aim: Gastronok, wearing a runed hat (heavily wounded)
The sticky flame hits Gastronok.
Gastronok is heavily wounded.
Gastronok is covered in liquid flames!
Gastronok burns!
Gastronok gurgles, "A snack!
A snack!"
Gastronok bites you!!
Ouch! That really hurt!
Gastronok burns!
Gastronok burns!
Gastronok waves his eye-stalks in wide circles.
The air twists around and strikes you!
You die...

#.†().# ####..###
#.w(....## #.#####.(#
#.#(.(#..# #####+##
#.+.E(+..# #......#
#.#ll.#..# #......#
#w#####..####......#
#...@....'.##......##
#........#..'......'.
####'########......##
####..# ###.####
#....## ####..####
##'######## #.....#...
#.........# #.###.#.#.
#.#.#####.####.#.#.....
#.#...#.#.'..#.#[######


You could see Gastronok (burning), an earth elemental and 2 basilisks.

Vanquished Creatures
  3 two-headed ogres
  A manticore (D:9)
  A troll (D:10)
  A hippogriff (D:10)
  A queen bee (D:9)
  A hornet (D:7)
  9 yaks
  2 basilisks (D:10)
  Duvessa (D:4)
  A water moccasin (D:11)
  4 porcupines (D:10)
  2 orc warriors
  2 sky beasts
  8 black bears
  3 necrophages
  5 ice beasts
  A phantom (D:11)
  7 ogres
  6 centaurs
  A crocodile (D:10)
  7 bullfrogs
  Dowan (D:4)
  4 scorpions
  25 killer bees
  8 wights
  5 howler monkeys
  A crimson imp (D:10)
  3 bullfrog zombies
  8 hounds
  3 jellies
  2 quasits
  5 orc priests
  10 orc wizards
  A centaur skeleton (D:6)
  Ijyb (D:4)
  2 iguanas
  5 worker ants
  A killer bee zombie (D:8)
  A hound zombie (D:4)
  A hound skeleton (D:7)
  A worker ant zombie (D:7)
  3 gnolls (D:6)
  13 adders
  A shadow imp (D:6)
  An ooze (D:6)
  A worm (D:3)
  2 dart slugs (D:1)
  2 leopard geckos
  34 orcs
  5 ball pythons
  11 bats
  11 giant cockroaches
  6 goblins
  4 hobgoblins
  21 jackals
  4 quokkas
  5 frilled lizards
  3 kobolds
  2 quokka skeletons (D:5)
  A quokka zombie (D:8)
  11 rats
296 creatures vanquished.

Vanquished Creatures (others)
  A human (D:6)
1 creature vanquished.

Grand Total: 297 creatures vanquished

Notes
Turn   | Place    | Note
-------+----------+-------------------------------------------
     0 | D:1      | Frogless the Deep Elf Fire Elementalist began the quest for
                  | the Orb.
     0 | D:1      | Reached XP level 1. HP: 10/10 MP: 6/6
   295 | D:1      | Reached XP level 2. HP: 14/15 MP: 4/8
  1124 | D:2      | Reached XP level 3. HP: 19/19 MP: 3/10
  1281 | D:2      | Reached skill level 1 in Armour
  1323 | D:2      | Learned a level 3 spell: Conjure Flame
  1578 | D:2      | Reached skill level 4 in Spellcasting
  1635 | D:2      | Reached XP level 4. HP: 24/24 MP: 8/12
  2071 | D:2      | Learned a level 4 spell: Sticky Flame
  2264 | D:3      | Reached XP level 5. HP: 15/28 MP: 7/13
  2426 | D:3      | Found a shimmering altar of Xom.
  2850 | D:3      | Learned a level 5 spell: Fireball
  3339 | D:3      | Found a radiant altar of Vehumet.
  3765 | D:3      | Reached skill level 5 in Spellcasting
  3914 | D:4      | Reached XP level 6. HP: 32/32 MP: 12/15
  3997 | D:4      | Noticed Ijyb
  4018 | D:4      | Killed Ijyb
  4115 | D:4      | Noticed Duvessa
  4202 | D:4      | Noticed Dowan
  4495 | D:4      | Reached skill level 5 in Fire Magic
  4906 | D:4      | Got a scorched ring mail
  4917 | D:4      | Identified the +0 ring mail of Perpetual Drought {+Blink
                  | rPois} (You found it on level 4 of the Dungeon)
  5068 | D:4      | Found a sacrificial altar of Ru.
  5097 | D:4      | Reached skill level 6 in Spellcasting
  5097 | D:4      | Reached XP level 7. HP: 36/36 MP: 4/18
  5326 | D:4      | Killed Duvessa
  5337 | D:4      | Killed Dowan
  5359 | D:4      | Learned a level 2 spell: Blink
  5417 | D:5      | Entered Level 5 of the Dungeon
  5632 | D:5      | Reached skill level 7 in Spellcasting
  5739 | D:5      | Reached skill level 1 in Evocations
  5739 | D:5      | Reached XP level 8. HP: 24/41 MP: 13/20
  6114 | D:5      | Found the +10 zealot's sword {holy, *Rage rN+ EV+3}
  6464 | D:5      | Learned a level 1 spell: Magic Dart
  6551 | D:5      | Found Awevatur's Food Boutique.
  6802 | D:6      | Noticed emiel's ghost (novice FoBe)
  6803 | D:6      | Found a runed gate.
  6809 | D:6      | Found a runed gate.
  6809 | D:6      | Found a runed gate.
  6958 | D:6      | Reached skill level 8 in Spellcasting
  7057 | D:6      | Reached skill level 5 in Conjurations
  7062 | D:6      | Found an ancient bone altar of Kikubaaqudgha.
  7291 | D:6      | Gained mutation: You expend magic power (3 MP) to
                  | strengthen your wands. [potion of mutation]
  7291 | D:6      | Gained mutation: You have sharp fingernails. [potion of
                  | mutation]
  7292 | D:6      | Lost mutation: You expend magic power (3 MP) to strengthen
                  | your wands. [potion of mutation]
  7292 | D:6      | Gained mutation: You have sharp toenails. [potion of
                  | mutation]
  7292 | D:6      | Gained mutation: You have very sharp teeth. [potion of
                  | mutation]
  7292 | D:6      | Gained mutation: You evolve. [potion of mutation]
  7292 | D:6      | Gained mutation: Your mind is acute. (Int +2) [potion of
                  | mutation]
  7474 | D:6      | Found Umuta's Antique Weapon Shoppe.
  7482 | D:6      | Bought a smoking trident for 204 gold pieces
  7482 | D:6      | Identified the +9 trident "Loveufit" {pierce, Str+2 SInv}
                  | (You bought it in a shop on level 6 of the Dungeon)
  7505 | D:6      | Found a snail-covered altar of Cheibriados.
  7522 | D:6      | Reached XP level 9. HP: 46/46 MP: 9/23
  7842 | D:6      | Reached skill level 5 in Armour
  7943 | D:6      | Found an ancient bone altar of Kikubaaqudgha.
  8137 | D:6      | Found an iron altar of Okawaru.
  8137 | D:6      | Found a basalt altar of Yredelemnul.
  8275 | D:4      | Gained mutation: Your mind is very acute. (Int +4)
                  | [evolution]
  8348 | D:3      | Became a worshipper of Vehumet
  8545 | D:7      | Found a staircase to the Ecumenical Temple.
  8554 | D:7      | Reached skill level 1 in Fighting
  8583 | D:7      | Reached skill level 1 in Polearms
  8583 | D:7      | Reached skill level 9 in Spellcasting
  8648 | D:7      | Reached skill level 1 in Translocations
  9879 | D:7      | Reached * piety under Vehumet
  9879 | D:7      | Offered knowledge of Sandblast by Vehumet.
 10157 | D:8      | Reached XP level 10. HP: 27/53 MP: 9/25
 10373 | D:8      | Found an iron altar of Okawaru.
 10377 | D:8      | Found a glowing silver altar of Zin.
 10381 | D:8      | Learned a level 1 spell: Apportation
 10384 | D:8      | Learned a level 2 spell: Call Imp
 10438 | D:8      | Found Wapnuut's Jewellery Shop.
 10654 | D:8      | Noticed a two-headed ogre
 10674 | D:8      | Killed a two-headed ogre
 10674 | D:8      | Reached skill level 10 in Spellcasting
 10772 | D:8      | Got a polished quarterstaff
 10773 | D:8      | Identified the +6 quarterstaff of Growth {freeze, rPois}
                  | (You found it on level 8 of the Dungeon)
 11204 | D:8      | Found a burning altar of Makhleb.
 11496 | D:9      | Noticed a manticore
 11505 | D:9      | Killed a manticore
 11505 | D:9      | Offered knowledge of Shock by Vehumet.
 11509 | D:9      | Found a shattered altar of Ashenzari.
 11592 | D:9      | Reached ** piety under Vehumet
 12890 | D:9      | Found a sparkling altar of Nemelex Xobeh.
 12930 | D:10     | Entered Level 10 of the Dungeon
 12973 | D:10     | Offered knowledge of Stone Arrow by Vehumet.
 12973 | D:10     | Reached XP level 11. HP: 57/57 MP: 25/27
 13056 | D:10     | Reached skill level 1 in Shields
 13409 | D:10     | Reached *** piety under Vehumet
 13540 | D:10     | Found a staircase to the Lair.
 13601 | D:10     | Found Qoh Jieff's Book Shoppe.
 13607 | D:10     | Reached skill level 11 in Spellcasting
 13695 | D:10     | Noticed a two-headed ogre
 13714 | D:10     | Killed a two-headed ogre
 13714 | D:10     | Reached skill level 5 in Polearms
 13855 | D:10     | Offered knowledge of Throw Icicle by Vehumet.
 13860 | D:10     | Found a staircase to the Orcish Mines.
 14266 | D:10     | Reached skill level 1 in Summonings
 14438 | D:11     | Noticed a two-headed ogre
 14448 | D:11     | Killed a two-headed ogre
 14738 | D:11     | Found Joylais's Pet Rocks.
 14917 | D:11     | Noticed Gastronok
 14930 | D:11     | Reached **** piety under Vehumet
 14953 | D:11     | Killed from afar by Gastronok

Skill      XL: |  1  2  3  4  5  6  7  8  9 10 11 |
---------------+----------------------------------+-----
Fire Magic     | 4 5 7 8 9 |  9.0
Armour         | 1 2 3 4 5 6 7 |  7.0
Spellcasting   | 4 5 6 7 8 9 10 11 | 11.2
Conjurations   | 2 3 4 5 6 7 |  7.6
Evocations     | 1 |  1.5
Fighting       | 1 2 |  2.8
Polearms       | 2 4 5 |  5.4
Translocations | 3 |  3.3
Shields        | 2 |  2.5
Summonings     | 1 |  1.8
Short Blades   | |  0.2
Long Blades    | |  0.2
Dodging        | |  2.4
Stealth        | |  2.4

Action                   |  1- 3 |  4- 6 |  7- 9 | 10-12 || total
-------------------------+-------+-------+-------+-------++-------
Melee: Dagger            |       |    15 |    23 |       ||    38
       Eudemon blade     |       |       |     8 |       ||     8
       Kick              |       |       |     6 |    13 ||    19
       Bite              |       |       |     6 |     7 ||    13
       Trident           |       |       |    97 |   298 ||   395
Throw: Stone             |     4 |       |       |       ||     4
 Cast: Flame Tongue      |    66 |   115 |   165 |   143 ||   489
       Conjure Flame     |       |     3 |    24 |    37 ||    64
       Sticky Flame      |       |       |    12 |    15 ||    27
       Fireball          |       |       |       |     1 ||     1
Evoke: Wand              |       |       |     9 |       ||     9
  Use: Scroll            |       |       |    12 |     3 ||    15
       Potion            |       |       |     2 |       ||     2
 Stab: Sleeping          |       |     1 |       |     2 ||     3
       Distracted        |       |       |       |     1 ||     1
  Eat: Chunk             |     2 |    10 |    10 |    12 ||    34
       Ration            |       |       |     2 |     1 ||     3
Armor: Leather armour    |    11 |    10 |       |       ||    21
       Robe              |       |       |     9 |       ||     9
       Ring mail         |       |       |    25 |    65 ||    90
Dodge: Dodged            |    35 |    40 |    75 |    94 ||   244
Block: Buckler           |       |       |       |    19 ||    19
       Rpst.: Eudemon blade |       |       |     6 |       ||     6
